Cogmind - Beta 17.1 @@@ ROGUE MODE // 2026.09.21 @ 12:02:23 Player: celerysam Result: Destroyed by H-61 Shepherd with Heavy Assault Cannon Performance ------------- Evolutions (2) 1000 Regions Visited (4) 800 Robots Destroyed (68) 340 Value Destroyed (1886) 1886 Prototype IDs (3) 60 Alien Tech Used (0) 0 Bonus (9337) 9337 TOTAL SCORE: 13423 Bonus ------- High Alert Combat Kills 130 Follower Combat Kills 107 Prayed to X0-1V1 5000 Major X0-1V1 Interference 4100 Cogmind --------- Core Integrity 0/330 Matter 272/1200 Energy 100/100 System Corruption 0% Temperature Cool (0) Movement Rolling (110) Ox2 Location -8/Materials Parts ------- > --- POWER (1) -------- (None) > --- PROPULSION (3) --- Wheel > --- UTILITY (3) ------ Improved Cooling System Large Storage Unit > --- WEAPON (4) ------- (None) > --- INVENTORY (15) --- Ion Engine Nuclear Core Light Angular Momentum Engine Airjet Improved Heat Sink Structural Scanner Sensor Array Seismic Detector Weapon Cycler Propulsion Shielding X0-1V1's Piety Tracker Great Maul Katana Peak State ------------ > --- POWER ------------ Reinforced Ion Engine > --- PROPULSION ------- Compact Wheel > --- UTILITY ---------- Large Storage Unit Hacking Suite X0-1V1's Piety Tracker > --- WEAPON ----------- Heavy EM Pulse Gun Ion Cannon Flak Cannon Improved Grenade Launcher > --- INVENTORY -------- Ion Engine Nuclear Core Light Angular Momentum Engine Wheel Airjet Improved Cooling System Structural Scanner Sensor Array Seismic Detector Propulsion Shielding Rocket Launcher Mining Laser Great Maul Katana [Rating: 34] Favorites ----------- Power Reinforced Ion Engine Engine Reinforced Ion Engine Propulsion Light Treads Treads Light Treads Wheel Compact Wheel Utility Large Storage Unit Device X0-1V1's Piety Tracker Storage Large Storage Unit Hackware Hacking Suite Protection Insulated Plating Weapon Ion Cannon Energy Gun EM Pulse Gun Energy Cannon Ion Cannon Ballistic Gun Light Assault Rifle Ballistic Cannon Flak Cannon Launcher Grenade Launcher Slashing Weapon Katana Build | -11 -10 -10 -9 -8 ------- Run | Yrd Mat Min Mat Mat Slots Evolved 4 | . . . 2 2 Power . | . . . . . Propulsion 1 | . . . . 1 Utility 1 | . . . 1 . Weapon 2 | . . . 1 1 Parts Attached 32 | 5 9 3 4 11 Power 2 | 1 1 . . . Engine 2 | 1 1 . . . Core . | . . . . . Reactor . | . . . . . Propulsion 5 | 2 . . 1 2 Treads 2 | 2 . . . . Leg . | . . . . . Wheel 3 | . . . 1 2 Hover . | . . . . . Flight . | . . . . . Utility 7 | . 3 1 1 2 Device 3 | . 1 1 . 1 Storage 2 | . 2 . . . Processor . | . . . . . Hackware 1 | . . . 1 . Protection 1 | . . . . 1 Artifact . | . . . . . Weapon 18 | 2 5 2 2 7 Energy Gun 6 | 1 1 . 1 3 Energy Cannon 2 | . . . 1 1 Ballistic Gun 2 | 1 1 . . . Ballistic Cannon 1 | . . . . 1 Launcher 6 | . 3 1 . 2 Special Weapon . | . . . . . Impact Weapon . | . . . . . Slashing Weapon 1 | . . 1 . . Piercing Weapon . | . . . . . Special Melee Weapon . | . . . . . Unidentified Prototypes 3 | . . 1 . 2 Parts Lost 20 | . 4 . . 16 Power 1 | . . . . 1 Propulsion 4 | . . . . 4 Utility 4 | . 1 . . 3 Weapon 11 | . 3 . . 8 Highest Loss Streak 9 | . 2 . . 9 To Critical Strikes . | . . . . . Average Backups 12 | 3 10 14 14 14 Power 2 | . 1 2 2 2 Propulsion 2 | 1 3 3 3 1 Utility 4 | . 3 4 4 5 Weapon 3 | . 2 5 5 4 Tool/Special . | . . . . . Unused Backups 20 | . 2 4 1 13 Power 4 | . . 1 . 3 Propulsion 3 | . 1 . 1 1 Utility 9 | . 1 1 . 7 Weapon 4 | . . 2 . 2 Tool/Special . | . . . . . Average Slot Usage (%) 92 | . 97 93 97 79 Engine 11 | . 12 10 11 9 Treads 18 | . 25 21 19 3 Wheel 3 | . . . 2 14 Device 10 | . 12 10 11 7 Storage 10 | . 12 10 11 9 Hackware 2 | . . . 9 4 Energy Gun 7 | . 11 . 6 6 Energy Cannon 4 | . . . 11 12 Ballistic Gun 7 | . 11 10 4 . Ballistic Cannon 1 | . . . . 5 Launcher 9 | . 9 21 1 5 Slashing Weapon 3 | . . 7 9 . Peak Build Rating 34 | 5 15 30 31 34 Average Rating 20 | 3 9 26 30 26 On Entrance 14 | . 5 11 24 31 Avg Prop Armor Cover (%) 9 | . . . 10 9 Naked Turns . | . . . . . Heaviest Build 56 | 8 42 47 46 56 Greatest Support 40 | 40 40 40 40 32 Greatest Overweight (x) 4 | . 1 1 2 4 Average Overweight (x) . | . . . . 1 Largest Inventory Capacity 15 | 5 15 15 15 15 Average Capacity 13 | 5 12 15 15 15 Most Carried 15 | 5 15 15 15 15 Average Carried 12 | 4 10 14 14 14 Final Capacity 15 | 5 15 15 15 15 Final Carried 15 | 5 14 15 13 13 Class Distribution -------------------- 45% | Mutant 21% | Gunner 15% | Bomber 13% | Skirmisher 5% | Tank Dominant Class ---------------- Mutant | -10/Materials Bomber | -10/Mines Mutant | -9/Materials Gunner | -8/Materials Resources | -11 -10 -10 -9 -8 ----------- Run | Yrd Mat Min Mat Mat Matter Collected 1077 | 180 235 72 76 514 Remotely . | . . . . . Salvage Created 1688 | . 648 59 154 827 Parts 102 | . 54 1 12 35 Haulers Intercepted 3 | . 1 . 1 1 Recyclers Shooed . | . . . . . Parts Field Recycled . | . . . . . Retrieved Matter . | . . . . . Parts Self-Destructed . | . . . . . Prevented . | . . . . . Parts Restored . | . . . . . Kills | -11 -10 -10 -9 -8 ------- Run | Yrd Mat Min Mat Mat Combat Hostiles Destroyed 50 | . 26 1 5 18 Guns 9 | . 5 . 1 3 Cannons 9 | . . . 1 8 AOE 29 | . 20 1 3 5 Classes Destroyed 14 | . 7 2 2 3 Worker 4 | . 2 . . 2 Builder 3 | . . . . 3 Tunneler 1 | . 1 . . . Hauler 3 | . 1 . 1 1 Recycler 2 | . . 1 . 1 Operator 1 | . . . 1 . Watcher 4 | . 2 . 1 1 Swarmer 15 | . 8 . 4 3 Grunt 26 | . 16 . . 10 Brawler 1 | . . . 1 . Sentry 3 | . . 1 . 2 Specialist 2 | . . . . 2 Hunter 1 | . . . . 1 Subdweller 2 | . 2 . . . Best Kill Streak 12 | . 12 1 4 7 Combat Bots Only 12 | . 12 1 4 4 Max Kills in Single Turn 4 | . 3 1 2 4 Gunslinging . | . . . . . Exploded 3 | . 3 1 2 2 Melee . | . . . . . Uniques/NPCs Destroyed . | . . . . . Combat | -11 -10 -10 -9 -8 -------- Run | Yrd Mat Min Mat Mat Hostile Shots Fired 223 | . 46 8 20 149 Missed 84 | . 19 3 7 55 Hits 139 | . 27 5 13 94 Projectile 139 | . 27 5 13 94 Critical Strikes 3 | . . . 1 2 Damage Taken 2405 | . 645 71 108 1581 Core 460 | . 72 . 15 373 Absorbed by Shields . | . . . . . Ignored by Resistances 104 | . 104 . . . Core Remaining (%) 87 | 100 . 66 95 . Volleys Fired 89 | . 38 2 8 41 Largest 5 | . 5 4 3 4 Hottest 202 | . 150 119 141 202 Shots Fired 234 | . 108 5 18 103 Gun 96 | . 68 2 8 18 Cannon 77 | . . . 8 69 Launcher 61 | . 40 3 2 16 Special . | . . . . . Kinetic 45 | . 32 2 1 10 Thermal 85 | . 17 . 8 60 Explosive 61 | . 40 3 2 16 Electromagnetic 43 | . 19 . 7 17 Robot Hit Streak 19 | . 7 7 10 19 Robot Miss Streak 5 | . 3 . 1 5 Penetration Max . | . . . . . Secondary Targets . | . . . . . Shots Hit Robots 138 | . 48 6 15 69 Core Hits 122 | . 57 5 9 51 Critical Kills 2 | . . . . 2 Critical Parts Destroyed . | . . . . . Critical Strikes 3 | . . . . 3 Meltdown 2 | . . . . 2 Corrupt 1 | . . . . 1 Melee Attacks 4 | . . 1 3 . Impact . | . . . . . Slashing 4 | . . 1 3 . Piercing . | . . . . . Sneak Attacks 2 | . . 1 1 . Combat Hostiles . | . . . . . Follow-up Attacks . | . . . . . Damage Inflicted 5834 | . 2135 196 615 2888 Guns 837 | . 491 19 84 243 Cannons 1339 | . . . 159 1180 Explosions 3465 | . 1644 119 237 1465 Melee 193 | . . 58 135 . Ramming . | . . . . . Kinetic 427 | . 186 19 9 213 Thermal 1289 | . 98 . 159 1032 Explosive 3417 | . 1644 119 237 1417 Electromagnetic 508 | . 207 . 75 226 Impact . | . . . . . Slashing 193 | . . 58 135 . Piercing . | . . . . . Highest Corruption 10 | . 10 10 . . Average Corruption 4 | . 2 10 . . Corruption Purged . | . . . . . Corruption Blocked . | . . . . . Effects 8 | . 4 4 . . Message Errors 3 | . 1 2 . . Matter Fused 1 | . . 1 . . Energy Discharges 1 | . 1 . . . Data Loss (minor) 3 | . 2 1 . . Overload Shots . | . . . . . Overflow Damage 76 | . 14 . 30 32 Projectiles 19 | . . . 15 4 Explosions 57 | . 14 . 15 28 Melee . | . . . . . Knockbacks 6 | . . . . 6 Impact . | . . . . . Kinetic 6 | . . . . 6 Secondary . | . . . . . Self-Inflicted Damage 98 | . 83 . . 15 Shots 4 | . 3 . . 1 Rammed . | . . . . . Targets Rammed . | . . . . . Kicked . | . . . . . Crushed . | . . . . . Highest Temperature 604 | . 204 69 240 604 Average Temperature 109 | . 59 33 103 139 Received Heat Transfer 696 | . 138 18 . 540 Effects 6 | . . . . 6 Shutdowns 1 | . . . . 1 Energy Bleed 1 | . . . . 1 Damage (minor) 1 | . . . . 1 Damage (major) 1 | . . . . 1 Damage (core) 2 | . . . . 2 Siege Activations . | . . . . . Martial Activations . | . . . . . Shielding Activations . | . . . . . Robots Disrupted . | . . . . . Combat Hostiles . | . . . . . Robots Corrupted . | . . . . . Combat Hostiles . | . . . . . Parts Fried . | . . . . . Impact Corruptions . | . . . . . Robots Melted 2 | . . . . 2 Combat Hostiles 2 | . . . . 2 Parts Melted 6 | . . . . 6 Heat Transferred 2125 | . 225 . 259 1641 Parts Sabotaged . | . . . . . Parts Stolen . | . . . . . Parts Stripped . | . . . . . Power Chain Reactions 1 | . . . . 1 Alert | -11 -10 -10 -9 -8 ------- Run | Yrd Mat Min Mat Mat Maximum Alert Level 2 | . 2 1 . 2 Low Security (%) 73 | 100 72 95 100 31 Level 1 13 | . 4 4 . 48 Level 2 12 | . 23 . . 20 Level 3 . | . . . . . Level 4 . | . . . . . Level 5 . | . . . . . High Security . | . . . . . Max Security . | . . . . . Peak Influence 583 | . 583 208 103 496 Initial 208 | . . 208 6 30 Average 133 | . 150 108 18 242 Influence Increases 1867 | . 860 40 152 815 Destroy 0b10 Robot/C 1060 | . 580 20 100 360 Destroy 0b10 Robot/NC 90 | . 30 5 15 40 Destroy Leader 194 | . 96 . 24 74 Allied During Kill 16 | . 16 . . . Successful Hack 5 | . . . . 5 Disable Machine 60 | . 45 . . 15 Anti-Garrison Action 150 | . . . . 150 Destroy Structure 202 | . 78 15 13 96 Lose Combat Pursuer 90 | . 15 . . 75 Influence Decreases 1407 | . 325 557 97 428 Entered New Map 382 | . . 327 12 43 Time Decay 745 | . 205 230 85 225 Lost Part 200 | . 40 . . 160 Lost Ally 80 | . 80 . . . Squads Dispatched 13 | . 5 1 . 7 Investigation 5 | . 3 1 . 1 Extermination . | . . . . . Reinforcement 4 | . 2 . . 2 Assault 2 | . . . . 2 Garrison 2 | . . . . 2 Intercept . | . . . . . Searches Triggered . | . . . . . Construction Impeded 1 | . . . . 1 Haulers Reinforced . | . . . . . Active Scanning Responses . | . . . . . Cargo Convoy Interrupts . | . . . . . Stealth | -11 -10 -10 -9 -8 --------- Run | Yrd Mat Min Mat Mat Distress Signals 5 | . . . . 5 Communications Jammed . | . . . . . Distress Signals . | . . . . . Times Spotted 76 | . 35 1 10 30 Peak Tracking Total 8 | . 6 1 5 8 Tactical Retreats 4 | . 1 . . 3 Traps | -11 -10 -10 -9 -8 ------- Run | Yrd Mat Min Mat Mat Traps Triggered 1 | . . . . 1 Indirectly . | . . . . . Trap Hack Attempts . | . . . . . Triggered . | . . . . . Disarmed . | . . . . . Reprogrammed . | . . . . . Reused . | . . . . . Traps Extracted . | . . . . . Installed . | . . . . . Triggered . | . . . . . Machines | -11 -10 -10 -9 -8 ---------- Run | Yrd Mat Min Mat Mat Machines Disabled 5 | . 3 . . 2 Max in Single Turn 1 | . 1 . . 1 Garrison Access 1 | . . . . 1 Machines Repaired . | . . . . . Machines Dismantled . | . . . . . Machines Sabotaged . | . . . . . Overloaded Fab Kills . | . . . . . Hacking | -11 -10 -10 -9 -8 --------- Run | Yrd Mat Min Mat Mat Machines Accessed 7 | . 1 1 2 3 Terminals 3 | . . . 1 2 Fabricators . | . . . . . Repair Stations . | . . . . . Recycling Units 1 | . 1 . . . Scanalyzers 2 | . . . 1 1 Garrison Access . | . . . . . Total Hacks 12 | . 4 1 3 4 Successful 10 | . 4 1 2 3 Failed 1 | . . . . 1 Catastrophic . | . . . . . Database Lockouts 1 | . . . 1 . Manual 5 | . 1 . 1 3 Terminals 4 | . . . 1 3 Fabricators . | . . . . . Repair Stations . | . . . . . Recycling Units 4 | . 4 . . . Scanalyzers 3 | . . . 2 1 Garrison Access . | . . . . . Terminal Hacks 1 | . . 1 . . Open Door 1 | . . 1 . . Fabricator Hacks . | . . . . . Repair Station Hacks . | . . . . . Recycling Unit Hacks 4 | . 4 . . . Process 1 | . 1 . . . Report Inventory 1 | . 1 . . . Retrieve Matter 2 | . 2 . . . Scanalyzer 2 | . . . 1 1 Retrieve Study 2 | . . . 1 1 Garrison Access Hacks . | . . . . . Unauthorized Hacks 3 | . . . 1 2 Terminals 3 | . . . 1 2 Assimilate 1 | . . . . 1 Botnet 2 | . . . 1 1 Fabricators . | . . . . . Repair Stations . | . . . . . Recycling Units . | . . . . . Scanalyzers . | . . . . . Garrison Access . | . . . . . Data Cores Recovered 1 | . . . 1 . Used . | . . . . . Hacking Detections 2 | . . . 1 1 Full Trace Events . | . . . . . Feedback Events . | . . . . . Feedback Blocked . | . . . . . Robot Schematics Acquired . | . . . . . Robots Built . | . . . . . Authchips . | . . . . . Time . | . . . . . Total Robot Build Rating . | . . . . . Part Schematics Acquired . | . . . . . Parts Built . | . . . . . Authchips . | . . . . . Time . | . . . . . Total Part Build Rating . | . . . . . Part Studies Acquired 1 | . . . . 1 Parts Repaired . | . . . . . Time . | . . . . . Parts Recycled . | . . . . . Recycled Matter 83 | . 83 . . . Retrieved Matter 83 | . 83 . . . Retrieved Components . | . . . . . Parts Scanalyzed . | . . . . . Part Schematics Acquired . | . . . . . Parts Damaged . | . . . . . Bothacking | -11 -10 -10 -9 -8 ------------ Run | Yrd Mat Min Mat Mat Used RIF Installer . | . . . . . Robots Hacked . | . . . . . Non-combat . | . . . . . Combat . | . . . . . Robot Hacks Applied . | . . . . . Relay Couplers Released 2 | . . . . 2 Machine Destruction 2 | . . . . 2 Fabnet Peak Effective % . | . . . . . Robots Rewired . | . . . . . Allies Hacked . | . . . . . Hacks Repelled . | . . . . . Allies | -11 -10 -10 -9 -8 -------- Run | Yrd Mat Min Mat Mat Total Allies 4 | . 4 . . . Largest Group 3 | . 3 . . . Highest-Rated Group 15 | . 15 . . . Highest-Rated Ally 5 | . 5 . . . Total Orders . | . . . . . Ally Attacks 32 | . 32 . . . Total Damage 169 | . 169 . . . Kills 5 | . 5 . . . Allies Corrupted . | . . . . . Allies Melted . | . . . . . X0-1V1 Amusement Gains 68 | . 43 . 5 20 Average Entertainment 18 | . 7 20 16 26 Good Acts 29 | . 20 3 2 4 Bad Acts 17 | . 12 2 2 1 Intel | -11 -10 -10 -9 -8 ------- Run | Yrd Mat Min Mat Mat Active Infowar (turns) 791 | . 791 . . . Structural 791 | . 791 . . . Robot Analysis Total . | . . . . . Derelict Logs Recovered . | . . . . . Drone Launches . | . . . . . Drone Recoveries . | . . . . . Exploration | -11 -10 -10 -9 -8 ------------- Run | Yrd Mat Min Mat Mat Turns Passed 2263 | 73 815 488 389 498 Spaces Moved 1147 | 52 391 233 200 271 Core 21 | 21 . . . . Treads 797 | 31 391 233 142 . Legs . | . . . . . Wheels 329 | . . . 58 271 Hover . | . . . . . Flight . | . . . . . Fastest Speed 50 | 50 160 160 130 105 Average Speed 162 | 115 170 195 174 123 Slowest Speed 240 | 160 240 240 240 145 Overloaded Moves . | . . . . . Propulsion Burnouts . | . . . . . Robots Hopped . | . . . . . Potential Cave-ins 3 | . 3 . . . Cave-ins Triggered 1 | . 1 . . . Exploration Rate (%) 36 | 3 84 31 24 41 Regions Visited 4 Branch Regions 1 Pre-discovered Areas . | . . . . . Known Exits Taken 1 | . . 1 . . Unknown Exits Taken 3 | 1 1 . 1 . Scrap Searched . | . . . . . Spaces Dug . | . . . . . Terrain Destroyed 260 | . 112 18 13 117 Melee . | . . . . . Projectile 5 | . . . . 5 AOE 255 | . 112 18 13 112 Terrain Rammed . | . . . . . Walls Destroyed . | . . . . . Machines Disabled . | . . . . . Actions | -11 -10 -10 -9 -8 --------- Run | Yrd Mat Min Mat Mat Total 1359 | 64 460 268 219 348 Wait 29 | . . 15 . 14 Move 1142 | 51 389 232 199 271 Hop . | . . . . . Pick Up 40 | 8 17 7 1 7 Fast Attach 14 | 2 2 2 2 6 Attach 15 | 3 4 1 1 6 Detach . | . . . . . Swap 7 | . 3 2 2 . Drop 18 | . 6 6 3 3 Fire 89 | . 38 2 8 41 Melee 4 | . . 1 3 . Ram . | . . . . . Kick . | . . . . . Crush . | . . . . . Escape Stasis 1 | . 1 . . . Rewire . | . . . . . Trap . | . . . . . Miscellaneous . | . . . . . Route ------- -11/Scrapyard -10/Materials (discovered 6 exits: *Mat x3 / *Min x2 / [*Sub]) -10/Mines -9/Materials -8/Materials History --------- Turn | Location | Event 16 | -11/Scrapyard | Discovered new exit (range 16) 74 | -11/Scrapyard | Entered Materials 209 | -10/Materials | Discovered new exit (range 6) 299 | -10/Materials | Discovered new exit (range 3) 302 | -10/Materials | Build established: Mutant 313 | -10/Materials | Discovered new exit (range 16) 439 | -10/Materials | Prayed at D.C.S.S. Altar Unit 544 | -10/Materials | X0-1V1 vaporized surrounding terrain (radius 15) 603 | -10/Materials | X0-1V1 sent hostile G-34 Mercenary (x5) 606 | -10/Materials | X0-1V1 sent allied S-10 Pest (x4) 608 | -10/Materials | Weapon slot count temporarily expanded by X0-1V1 (+3) 618 | -10/Materials | Melee accuracy permanently improved by X0-1V1 (+7%; -70 max core) 639 | -10/Materials | X0-1V1 vaporized surrounding terrain (radius 15) 641 | -10/Materials | Identified exit to Materials 641 | -10/Materials | X0-1V1 revealed exit location to -9/Materials 656 | -10/Materials | X0-1V1 foreshadows a heat wave 661 | -10/Materials | X0-1V1 sent you into danger 674 | -10/Materials | Derelicts attacked the area 716 | -10/Materials | Discovered new exit (range 16) 734 | -10/Materials | Destroyed 12 combat bots 859 | -10/Materials | X0-1V1 revealed exit location to -9/Materials 864 | -10/Materials | Ambient heat levels rising (+10) 880 | -10/Materials | Crushed by falling debris 881 | -10/Materials | System corruption reached 10% 889 | -10/Materials | Entered Mines 896 | -10/Mines | Received a Rocket Launcher from a helpful Derelict 962 | -10/Mines | Discovered exit to Materials (range 9) 1023 | -10/Mines | Met a Derelict shopkeep closing up shop 1193 | -10/Mines | X0-1V1 activates XOMVISION 1247 | -10/Mines | Build established: Bomber 1284 | -10/Mines | Weapon slot count reverted to normal (-3) 1377 | -10/Mines | Entered Materials 1377 | -9/Materials | Evolved 2 slots: Utility x1, Weapon x1 1536 | -9/Materials | Central database locked down 1555 | -9/Materials | X0-1V1 caused items to flee you 1582 | -9/Materials | Build established: Mutant 1621 | -9/Materials | X0-1V1 activates XOMVISION 1664 | -9/Materials | Discovered new exit (range 15) 1766 | -9/Materials | Entered another Materials area 1766 | -8/Materials | Evolved 2 slots: Propulsion x1, Weapon x1 1862 | -8/Materials | Matter capacity permanently improved by X0-1V1 (+300; -150 max core) 1995 | -8/Materials | Lost 3 parts (1n1u1w) 2017 | -8/Materials | Garrison activated, responded to threat 2028 | -8/Materials | Build established: Gunner 2046 | -8/Materials | Core integrity fell below 50% 2161 | -8/Materials | Core integrity fell below 20% 2168 | -8/Materials | X0-1V1 whisked you away to safety 2235 | -8/Materials | X0-1V1 sent hostile X-57 Shotgunner (x3) 2264 | -8/Materials | Destroyed by H-61 Shepherd with Heavy Assault Cannon Last Messages --------------- 02238_ Com. Wheel destroyed. 02238_ K-01 Serf collects debris. 02241_ Flak Cannon destroyed. 02241_ Prc. Beam Rifle destroyed. 02246_ K-01 Serf collects debris. 02252_ X-57 Shotgunner destroyed. 02252_ K-01 Serf destroyed. 02252_ Insulated Plating destroyed. 02252_ EM Shotgun destroyed. 02252_ G-47 Trooper destroyed. 02253_ The unstable cave ceiling collapses. 02254_ Shock Rifle destroyed. 02255_ X-57 Shotgunner destroyed. 02255_ G-47 Trooper destroyed. 02256_ Rocket Launcher destroyed. 02257_ X-57 Shotgunner misfires. 02259_ Acquired 14 matter. 02260_ Rnf. Ion Engine destroyed. 02264_ Rocket Launcher destroyed. 02264_ X0-1V1 bursts into laughter! Map ----- +----------------------------------------------------+ | ?????# # #??????????? ??????? | | ?????# # #????????? """ #????? | | ?????####+##### +????????# """ #????? | | ######### #???# #????????# """ #????? | | # #???# #????????# #????? | | """ # #???# #????????# """ #????? | | """ # ###?# ##### #????????# """ #????? | | """ #*= #?# #???# #????????# ?????????? | | /%[ #?# #???# #????????# ?????????? | | # ### #???# #????????#####?????????? | | ## #???# #??????????????????????? | | # #? #???#u #??????????????????????? | | "T" ##? #???# ???????????????????????? | | #### ##? #???# ???????????????????????? | | ### #? ????# ???????????????????????? | | #????????# ???????????????????????? | | [ | % T #????????# ???????????????????????? | | =% *% # ????# #??????????????????????? | | # ## # ## ????# #??????????????????????? | | #?? #? ????# #??????????????????????? | | " #???? ## #???# #??????????????????????? | | #=###???? ## #???# #??????????????????????? | | # #?????? ## #???# #??????????????????????? | | #+##?????? ??# #???#u %#???????????########???? | | #??????????# #???# #????????????" #???? | | #??????????# #???# @#???????????? ! #???? | | !#??????????# #???#u #????????????? #???? | | " #??????????# #???# #????????????? #???? | | "" #??????????# #???# #??????????????! ! ???? | | "" #??????????# #??? ?????????????? #???? | | "" #??????????# #?? ??????????????? ????? | | " #??????????# #? ?????????????? ????? | | #??????????# ## ???????###+##?#+#????? | | ####??????????# ## = x ####"## ### ##???? | | ??????????? !%[! #???? | | ??????????? % H ![!! T #???? | | ??????????? ######## ####"## ### ##???? | | ????????? ??????? ! ## ####+###??? | | ????????##+#???????? "" # ! ## # #??? | | ??????????????????? """# ] ## + #??? | | ??????????????????? ?S"# ## # #??? | | ?????????????????????????# ! ## # #??? | | ?????????????????????????# ##### #??? | | ?????????????????????????#] #???# #??? | | ?????????????????????????# #???########??? | | ?????????????????????????###########?????????????? | | ?????????????????????????????????????????????????? | | ?????????????????????????????????????????????????? | | ?????????????????????????????????????????????????? | | ?????????????????????????????????????????????????? | +----------------------------------------------------+ Best States ------------- Heat Dissipation 82 Energy Generation 12 Energy Capacity 1165 Matter Stores 314 Matter Capacity 1200 Sight Range 20 Terrain Scan Density 10 Armor Coverage 150 Resistance: TH 48 Resistance: EM 15 Evasion (%) 50 Recoil Reduction 2 Offensive Hacking 10 Item Schematics ----------------- None Robot Schematics ------------------ None Fabricated ------------ Nothing Repaired ---------- Nothing Studied --------- Airjet | -8/Materials | Hacked Alien Tech Used ----------------- None Achievements -------------- None Challenges ------------ None Game ------ Seed ClaymoresAerolevLattice Manual? 0 Play Time 00:23:04 Cumulative 310.2 hours Start 2026.09.21 @ 11:40:22 End 2026.09.21 @ 12:02:23 Sessions 1 Manual Loads 0 Difficulty Rogue Special Mode None Game No. 478 Rogue 478 Adventurer 0 Explorer 0 Win Type - Total 1 Types 1/0/0/0/0/0/0/0/0/0 Lore% 66 Gallery% 60 Achievement% 35 Wizard Run 0 Options --------- Layout 1 ASCII 0 Keyboard 0 Movement Mouse Keybinds 0 Fullscreen 2 Font 24/Tallcaps Map View 50x35 Zoom Use 0% Tactical HUD 1 Map Filters NONE Filters NONE Steam 1 RUN: d977f915-87cf-495c-93d8-923d7400fe40